 Dungeon Crawl Stone Soup version 0.29-a0-824-gd827844252 (webtiles) character file.

Game seed: 4193012277160056045

16548 kevlar127 the Grappler (level 12, -1/130 HPs)
             Began as a Troll Berserker on July 10, 2022.
             Was an Elder of Trog.
             Slain by a harpy simulacrum (4 damage)
             ... in an ice cave on July 11, 2022.
             The game lasted 00:46:04 (13938 turns).

kevlar127 the Grappler (Troll Berserker)           Turns: 13938, Time: 00:46:06

Health: -1/130     AC:  6    Str: 32    XL:     12   Next: 11%
Magic:  11/11      EV: 10    Int:  3    God:    Trog [****..]
Gold:   755        SH:  0    Dex:  9    Spells: 11/11 levels left

rFire   + . .      SeeInvis .     - Unarmed
rCold   + . .      Faith    .   (no shield)
rNeg    . . .      Spirit   .   q - +2 robe {rC+ rF+}
rPois   .          Reflect  .   (helmet restricted)
rElec   .          Harm     .   (no cloak)
rCorr   .          Rampage  .   (gloves unavailable)
Will    .....                   (boots unavailable)
Stlth   +.........              (no amulet)
HPRegen 1.11/turn               e - ring of flight
MPRegen 0.12/turn               B - +4 ring of slaying

@: flying
A: large, unfitting armour, claws 3, regeneration 1, shaggy fur 1, tough skin 1
a: Renounce Religion, Berserk, Trog's Hand, Brothers in Arms


You were in an ice cave.
You worshipped Trog.
Trog was greatly pleased with you.
You visited 1 branch of the dungeon, and saw 12 of its levels.
You also visited: Bailey and Ice Cave.

You collected 755 gold pieces.

Inventory:

Missiles
 c - 25 stones
 r - 26 poisoned darts
 G - 7 large rocks
 M - 3 curare-tipped darts
 O - 3 boomerangs (quivered)
Armour
 q - a +2 robe of resistance (worn)
 A - a +2 robe of willpower
Jewellery
 e - a ring of flight (left claw)
 x - a +6 ring of intelligence
 B - a +4 ring of slaying (right claw)
 C - a ring of protection from cold
 J - a ring of see invisible
Wands
 a - a wand of paralysis (3)
 m - a wand of digging (5)
 u - a wand of flame (22)
 L - a wand of roots (6)
Scrolls
 b - 2 scrolls of brand weapon
 d - 3 scrolls of enchant armour
 g - 8 scrolls of teleportation
 k - 5 scrolls of enchant weapon
 l - 4 scrolls of amnesia
 o - 2 scrolls of summoning
 p - a scroll of vulnerability
 s - a scroll of fear {unknown}
 t - 3 scrolls of magic mapping
 w - 2 scrolls of blinking {unknown}
 y - a scroll of immolation {unknown}
 D - 3 scrolls of silence
 E - a scroll of torment {unknown}
 Q - 2 scrolls of identify
Potions
 f - 2 potions of lignification
 h - a potion of haste
 i - 5 potions of curing
 j - 2 potions of flight
 n - 4 potions of brilliance
 v - 2 potions of berserk rage {unknown}
 z - 3 potions of mutation {unknown}
 F - a potion of cancellation {unknown}
 H - a potion of ambrosia
 I - a potion of heal wounds {unknown}
 K - 2 potions of resistance {unknown}
Miscellaneous
 N - a phantom mirror
 P - a condenser vane


   Skills:
 + Level 11.0 Fighting
 - Level 7.0 Throwing
 - Level 2.0 Armour
 - Level 2.4 Dodging
 + Level 12.9 Unarmed Combat
 + Level 2.7 Evocations


You had 11 spell levels left.
You didn't know any spells.
Your spell library was empty.

Dungeon Overview and Level Annotations

Branches:
Dungeon (12/15)            Temple (0/1) D:5            Lair (0/6) D:11
    Orc (0/2) D:11         Bailey (visited)           IceCv (1/1)

Altars:
Cheibriados
Elyvilon
Sif Muna
Uskayaw
Vehumet
Zin

Shops:
D:8 [

Portals:
Abyss: D:3

Annotations:
D:6 3 runed translucent doors, Phlounder's ghost, amateur DsTm; bchevrier's ghost, novice GnWn; zhov's ghost, novice DsHu
D:9 2 transporters, gdog's ghost, novice GnDe


Innate Abilities, Weirdness & Mutations

You are too large for most types of armour.
You have claws for hands.
Your natural rate of healing is unusually fast.
You are covered in fur. (AC +1)
You have tough skin. (AC +1)


Message History

The entropy weaver simulacrum freezes you!!
You resist.
You mangle the entropy weaver simulacrum!!
The entropy weaver simulacrum vaporises!
Trog accepts your kill.
The harpy simulacrum claws you but does no damage.
The harpy simulacrum claws you. The harpy simulacrum freezes you! You resist.
You are too injured to fight recklessly!
You are too injured to fight recklessly!
You are too injured to fight recklessly!
Unknown command.
You are too injured to fight recklessly!
You are too injured to fight recklessly!
You are too injured to fight recklessly!
You are too injured to fight recklessly!
Unknown command.
You closely miss the entropy weaver simulacrum.
The harpy simulacrum claws you! The harpy simulacrum freezes you! You resist.
The harpy simulacrum barely misses you.
Unknown command.
The entropy weaver simulacrum attacks as you move away!
The entropy weaver simulacrum closely misses you.
The entropy weaver simulacrum hits you!
* * * LOW HITPOINT WARNING * * *
The entropy weaver simulacrum freezes you!
You resist.
* * * LOW HITPOINT WARNING * * *
The entropy weaver simulacrum closely misses you.
The entropy weaver simulacrum hits you.
* * * LOW HITPOINT WARNING * * *
The entropy weaver simulacrum freezes you!
You resist.
* * * LOW HITPOINT WARNING * * *
The harpy simulacrum attacks as you move away!
The harpy simulacrum barely misses you.
The harpy simulacrum claws you but does no damage.
The harpy simulacrum claws you.
* * * LOW HITPOINT WARNING * * *
The harpy simulacrum freezes you. You resist.
You die...

###
##.§...#
##°..##
#☼#.##
##§###
#...###..#
##......#
#..#....#
#..###.##
#@## ##
#.Z#
##Z○...#
##...⌠..#
###..#. .#
#


You could see a harpy simulacrum and an entropy weaver simulacrum.

Vanquished Creatures
  A boulder beetle (D:11)
  Erolcha (D:9)
  5 two-headed ogres
  An orc knight (Bailey)
  2 deep elf pyromancers
  A cyclops (D:11)
  2 manticores (D:11)
  An unseen horror (D:10)
  A gargoyle (D:11)
  A kobold demonologist (D:11)
  2 komodo dragons
  An entropy weaver simulacrum (IceCv)
  3 hornets
  2 trolls (D:10)
  A shadow (D:11)
  18 yaks
  A wyvern (D:7)
  Edmund (D:4)
  An acid dragon (D:11)
  The ghost of coolguy69 the Sneak, an amateur VSMo of Okawaru (D:3)
  A water moccasin (D:9)
  A sky beast (D:7)
  3 ice beasts
  8 orc warriors
  2 black bears
  2 centaurs
  2 phantoms
  7 kobold brigands
  5 bullfrogs
  2 necrophages
  2 scorpions
  3 wights (D:7)
  3 killer bees (D:10)
  An electric eel (D:10)
  4 howler monkeys
  A jelly (D:6)
  A quasit (D:3)
  An orc priest (D:10)
  A hound (D:5)
  Jessica (D:2)
  Ijyb (D:4)
  4 iguanas
  10 orc wizards
  Natasha (thrice) (D:2)
  A troll simulacrum (IceCv)
  A small abomination (D:3)
  Robin (D:2)
  7 gnolls (D:7)
  5 adders
  A naga simulacrum (IceCv)
  4 shadow imps
  18 white imps
  3 ufetubi
  5 dart slugs
  36 orcs
  3 ball pythons
  3 bats (D:1)
  8 endoplasms
  A giant cockroach (D:1)
  18 goblins
  10 hobgoblins
  14 jackals
  13 kobolds
  2 quokkas
  4 frilled lizards
  4 rats
278 creatures vanquished.

Vanquished Creatures (others)
  13 plants
  4 withered plants (D:6)
17 creatures vanquished.

Grand Total: 295 creatures vanquished

Notes
Turn   | Place    | Note
-------+----------+-------------------------------------------
     0 | D:1      | kevlar127 the Troll Berserker began the quest for the Orb.
     0 | D:1      | Reached XP level 1. HP: 22/22 MP: 0/0
   125 | D:1      | Reached XP level 2. HP: 29/29 MP: 1/1
   509 | D:1      | Reached ** piety under Trog
   679 | D:1      | Reached XP level 3. HP: 37/37 MP: 2/2
   979 | D:2      | Noticed Natasha
   987 | D:2      | Killed Natasha
  1134 | D:2      | Noticed Jessica
  1137 | D:2      | Noticed Natasha
  1138 | D:2      | Noticed Robin
  1139 | D:2      | Killed Jessica
  1140 | D:2      | Reached skill level 4 in Unarmed Combat
  1140 | D:2      | Reached XP level 4. HP: 44/45 MP: 3/3
  1144 | D:2      | Killed Natasha
  1177 | D:2      | Killed Robin
  1178 | D:2      | Reached XP level 5. HP: 23/54 MP: 4/4
  1319 | D:2      | Noticed Natasha
  1326 | D:2      | Killed Natasha
  1447 | D:2      | Found a faded altar of an unknown god.
  1840 | D:3      | Found a transporter.
  1841 | D:3      | Noticed coolguy69's ghost (amateur VSMo)
  1863 | D:3      | Found a transporter.
  1865 | D:3      | Found a one-way gate to the infinite horrors of the Abyss.
  1908 | D:3      | Reached skill level 5 in Unarmed Combat
  2428 | D:3      | Reached XP level 6. HP: 63/63 MP: 5/5
  2534 | D:3      | Killed coolguy69's ghost
  2634 | D:4      | Reached *** piety under Trog
  2702 | D:4      | Noticed Ijyb
  2715 | D:4      | Reached skill level 1 in Throwing
  2715 | D:4      | Reached XP level 7. HP: 63/71 MP: 6/6
  2717 | D:4      | Killed Ijyb
  2718 | D:4      | Reached skill level 5 in Fighting
  2718 | D:4      | Reached skill level 6 in Unarmed Combat
  2808 | D:4      | Noticed Edmund
  2832 | D:4      | Killed Edmund
  3283 | D:5      | Entered Level 5 of the Dungeon
  3302 | D:5      | Found a staircase to the Ecumenical Temple.
  3456 | D:5      | Reached XP level 8. HP: 68/81 MP: 7/7
  3711 | D:6      | Reached skill level 7 in Unarmed Combat
  4001 | D:6      | Reached **** piety under Trog
  4109 | D:6      | Found a radiant altar of Vehumet.
  4275 | D:6      | Found a runed translucent gate.
  4275 | D:6      | Found a runed translucent gate.
  4275 | D:6      | Found a runed translucent gate.
  4277 | D:6      | Noticed zhov's ghost (novice DsHu)
  4277 | D:6      | Noticed bchevrier's ghost (novice GnWn)
  4277 | D:6      | Noticed Phlounder's ghost (amateur DsTm)
  4688 | D:7      | Reached skill level 1 in Armour
  4899 | D:7      | Reached skill level 8 in Unarmed Combat
  5104 | D:7      | Found a flagged portal.
  5114 | Bailey   | Entered a bailey
  5137 | Bailey   | Reached XP level 9. HP: 26/92 MP: 8/8
  5189 | Bailey   | Found a large runed translucent door.
  5189 | Bailey   | Found a large runed translucent door.
  5190 | Bailey   | Noticed a deep elf pyromancer
  5190 | Bailey   | Noticed an orc knight
  5238 | Bailey   | Killed an orc knight
  5415 | Bailey   | Killed a deep elf pyromancer
  5416 | Bailey   | Reached skill level 9 in Unarmed Combat
  5522 | D:7      | Found a shimmering blue altar of Sif Muna.
  5739 | D:7      | Reached skill level 10 in Unarmed Combat
  5821 | D:7      | Reached XP level 10. HP: 101/106 MP: 9/9
  6345 | D:8      | Noticed a two-headed ogre
  6358 | D:8      | Killed a two-headed ogre
  6601 | D:8      | Found Ezets's Antique Armour Boutique.
  6877 | D:8      | Identified the +5 great sword of the Distant Future
                  | {freeze, rN+ Str-2 Int+4}
  7036 | D:8      | Found a hide-covered altar of Uskayaw.
  7292 | D:8      | Found a snail-covered altar of Cheibriados.
  7620 | D:9      | Noticed a two-headed ogre
  7628 | D:9      | Killed a two-headed ogre
  7722 | D:9      | Noticed a two-headed ogre
  7728 | D:9      | Killed a two-headed ogre
  7729 | D:9      | Reached skill level 5 in Throwing
  7729 | D:9      | Reached skill level 11 in Unarmed Combat
  7827 | D:9      | Found a transporter.
  7832 | D:9      | Found a transporter.
  7833 | D:9      | Noticed gdog's ghost (novice GnDe)
  7845 | D:9      | Noticed a two-headed ogre
  7850 | D:9      | Killed a two-headed ogre
  8495 | D:9      | Noticed Erolcha
  8498 | D:9      | Paralysed by Erolcha for 3 turns
  8515 | D:9      | Killed Erolcha
  8516 | D:9      | Reached XP level 11. HP: 106/117 MP: 10/10
  8639 | D:9      | Found a glowing silver altar of Zin.
  8805 | D:9      | Reached skill level 10 in Fighting
  9267 | D:10     | Entered Level 10 of the Dungeon
  9267 | D:10     | Noticed a two-headed ogre
  9279 | D:10     | Killed a two-headed ogre
  9584 | D:10     | Found a white marble altar of Elyvilon.
  9678 | D:10     | Reached skill level 12 in Unarmed Combat
 10345 | D:10     | Reached ***** piety under Trog
 10452 | D:10     | Paralysed by a hornet for 2 turns
 11780 | D:11     | Noticed a sun demon
 12407 | D:11     | Reached skill level 1 in Evocations
 12874 | D:11     | Found a staircase to the Orcish Mines.
 13071 | D:11     | Found a staircase to the Lair.
 13272 | D:11     | Noticed a boulder beetle
 13282 | D:11     | Killed a boulder beetle
 13283 | D:11     | Reached XP level 12. HP: 91/128 MP: 11/11
 13734 | D:12     | Found a frozen archway.
 13891 | IceCv    | Entered an ice cave
 13938 | IceCv    | HP: 3/130 [harpy simulacrum (6)]
 13938 | IceCv    | Slain by a harpy simulacrum

Illustrated notes

Levels and vault maps discovered:
D:1:      erik_arrival_blinker_ship, layout_basic
D:2:      layout_loops_ring, hellmonk_ecumenical_altar_crossroads, st_stairs_14,
          uniq_robin, uniq_jessica, uniq_natasha
D:3:      minmay_diamond_boxcup, layout_loops_ring,
          gammafunk_ghost_abyssal_escape, corexii_corridor_pit
D:4:      layout_loops_ring, uniq_edmund, uniq_ijyb
D:5:      cheibrodos_iron_armory, layout_rooms, minmay_temple_entry_arrows
D:6:      layout_loops_ring, fiery_altar_vehumet, gammafunk_ghost_cemetery
D:7:      minmay_bubble_buster, layout_basic, led_sif_pool, enter_bailey_5
D:8:      minmay_inner_zag, layout_basic, mainiacjoe_overflow_cross_hatched,
          kennysheep_little_box, serial_shops, nicolae_shop_trees,
          dk_noncrumbling_2, kennysheep_pointless_box
D:9:      layout_basic, lemuel_coloured_pillars_altar, gammafunk_ghost_hive,
          lemuel_another_geyser, uniq_erolcha
D:10:     layout_irregular_city, nicolae_elyvilon_temple_path
D:11:     layout_irregular_city, david_lair_shrubbed
D:12:     layout_irregular_city, portal_ice_cave_entry_imps, serial_demonic,
          serial_demonic_a, serial_demonic_g, serial_demonic_g,
          serial_demonic_e, serial_demonic_e, hangedman_incinerator
IceCv:    ice_cave_caverns_02

Skill      XL: |  1  2  3  4  5  6  7  8  9 10 11 12 |
---------------+-------------------------------------+-----
Fighting       | 3 4 5 6 8 9 10 11 | 11.0
Unarmed Combat | 4 5 6 8 10 11 12 | 12.9
Throwing       | 1 3 5 7 |  7.0
Armour         | 2 |  2.0
Evocations     | 2 |  2.7
Dodging        | |  2.4

Action                   |  1- 3 |  4- 6 |  7- 9 | 10-12 || total
-------------------------+-------+-------+-------+-------++-------
Melee: Unarmed           |    69 |   150 |   251 |   271 ||   741
       Punch             |     2 |     2 |     2 |    14 ||    20
Throw: Dart              |       |       |     7 |    30 ||    37
       Stone             |       |       |     6 |    46 ||    52
       Throwing net      |       |       |     1 |       ||     1
       Large rock        |       |       |       |     5 ||     5
       Boomerang         |       |       |       |     7 ||     7
Invok: Trog's Hand       |       |     2 |     5 |     8 ||    15
       Berserk           |       |     1 |     2 |     5 ||     8
  Use: Potion            |       |     1 |       |     1 ||     2
       Scroll            |       |       |       |    13 ||    13
 Stab: Sleeping          |     1 |       |       |       ||     1
Armor: Animal skin       |    26 |    14 |       |       ||    40
       Robe              |       |    51 |    58 |   121 ||   230
Dodge: Dodged            |    31 |    78 |   127 |   125 ||   361

Table legend: (Time is in decaauts)
 A = Elapsed time spent in this place.
 B = Non-inter-level travel time spent in this place.
 C = Inter-level travel time spent in this place.
 D = Time resting spent in this place.
 E = Time spent auto-exploring this place.
 F = Levels seen in this place.
 G = Mean time per level.
                   A        B        C        D        E       F      G
               +--------+--------+--------+--------+--------+-----+--------+
         Total |  13869 |  13302 |    567 |   3902 |   7435 |  14 |  990.6 |
       Dungeon |  13464 |  12897 |    567 |   3882 |   7223 |  12 | 1122.0 |
        Bailey |    359 |    359 |      0 |     20 |    179 |   1 |  359.0 |
      Ice Cave |     44 |     44 |      0 |      0 |     33 |   1 |   44.0 |
               +--------+--------+--------+--------+--------+-----+--------+

Top non-repeatable levels by time:
     D:9: 2397 daAuts
    D:10: 1932 daAuts
    D:11: 1636 daAuts
     D:8: 1532 daAuts
     D:7: 1282 daAuts
     D:6: 1006 daAuts
     D:1: 955 daAuts
     D:2: 806 daAuts
     D:3: 797 daAuts
     D:4: 716 daAuts
     D:5: 363 daAuts
  Bailey: 359 daAuts
   IceCv: 44 daAuts
    D:12: 37 daAuts
